 Dungeon Crawl Stone Soup version 0.17-a0-1778-gd369669 (webtiles) character file.

131 ololoev the Poker (level 4, -21/36 HPs)
             Began as a Draconian Skald on Sept 8, 2015.
             Was an Initiate of Nemelex Xobeh.
             Demolished by a white ugly thing (24 damage)
             ... summoned by the player character
             ... on level 3 of the Dungeon.
             The game lasted 00:04:51 (2913 turns).

ololoev the Poker (Draconian Skald)                 Turns: 2913, Time: 00:04:53

Health: -21/36     AC:  6    Str: 14    XL:     4   Next: 91%
Magic:  7/7        EV: 12    Int: 12    God:    Nemelex Xobeh [......]
Gold:   70         SH:  0    Dex: 12    Spells: 2 memorised, 4 levels left

rFire  . . .     SeeInvis .     e - +0 dagger (venom)
rCold  . . .     Clarity  .     (armour unavailable)
rNeg   . . .     SustAt   .     (no shield)
rPois  .         Gourm    .     (helmet restricted)
rElec  .         Spirit   .     (no cloak)
rCorr  .         Warding  .     q - +0 pair of gloves
rMut   .         Stasis   .     (no boots)
MR     .....                    (no amulet)
Stlth  +.........               (no ring)
                                (no ring)

@: not resistant to hostile enchantments, very unstealthy
A: unfitting armour, cold-blooded, AC +5
a: Renounce Religion


Innate Abilities, Weirdness & Mutations

Your plain brown scales are hard (AC +5).
Your body does not fit into most forms of armour.
You are cold-blooded and may be slowed by cold attacks.

Inventory:

Hand weapons
 a - a +0 spear
 e - a +0 dagger of venom (weapon)
Missiles
 p - 5 curare-tipped needles
Armour
 q - a +0 pair of gloves (worn)
Jewellery
 i - an uncursed ring of sustain attributes {unknown}
Scrolls
 f - 2 scrolls of enchant armour {unknown}
 j - a scroll of remove curse {unknown}
 k - a scroll of random uselessness
 m - a scroll of magic mapping {unknown}
 o - 2 scrolls of identify {unknown}
Potions
 d - a potion of might {unknown}
 g - a potion of curing
Books
 b - a book of Battle

   Spells                             Type                      Level
   a - Infusion                       Charms                       1
   b - Shroud of Golubria             Charms/Translocation         2
   c - Song of Slaying                Charms                       2
   d - Spectral Weapon                Hexes/Charms                 3
   e - Regeneration                   Charms/Necromancy            3
Miscellaneous
 n - a plain deck of war {drawn: 4}
Comestibles
 c - 4 bread rations
 h - 7 fruits
 l - a beef jerky


   Skills:
 - Level 2.1 Fighting
 + Level 4.3 Polearms
 - Level 1.3 Dodging
 - Level 2.0 Spellcasting
 - Level 2.6 Charms
 + Level 2.4 Evocations


You had 4 spell levels left.
You knew the following spells:

 Your Spells              Type           Power        Failure   Level  Hunger
a - Infusion              Chrm           #.....       12%         1    ##.....
b - Song of Slaying       Chrm           #.......     14%         2    ###....


You were on level 3 of the Dungeon.
You worshipped Nemelex Xobeh.
Nemelex Xobeh was noncommittal.
You were not hungry.

You visited 1 branch of the dungeon, and saw 3 of its levels.

You collected 70 gold pieces.

#.#. #.
##..o#######.#
##.#.##.### #.....#
#.#
..........####...##
##.##
.....##....)....##
#.>.#
......###.#####.#
#[..# ......# #.# #.#
#..o# ......# #.#
##+## ###≈#
#.###.###.# ##...##
#)#
#.........###...@u##
#o#
#####(######....u..##
#.#
###....####.........#
.o.
..........'.........+
...
###....####.........#
#.o.# #.#.##
##....<..## ##.##
#.### ##.....## #.#
#. ##...## #. ##+##

Notes
Turn   | Place    | Note
--------------------------------------------------------------
     0 | D:1      | ololoev the Draconian Skald began the quest for the Orb.
     0 | D:1      | Reached XP level 1. HP: 17/17 MP: 3/3
    88 | D:1      | Reached XP level 2. HP: 15/24 MP: 5/5
   189 | D:1      | Learned a level 2 spell: Song of Slaying
   265 | D:1      | Reached skill level 3 in Polearms
   951 | D:2      | Reached XP level 3. HP: 24/29 MP: 6/6
   980 | D:2      | Found a sparkling altar of Nemelex Xobeh.
   988 | D:2      | Became a worshipper of Nemelex Xobeh the Trickster
  1178 | D:2      | Noticed Robin
  1225 | D:2      | Killed Robin
  1225 | D:2      | Reached skill level 1 in Evocations
  1382 | D:2      | Reached XP level 4. HP: 19/36 MP: 7/7
  1578 | D:2      | Reached skill level 4 in Polearms
  2180 | D:2      | Received a gift from Nemelex Xobeh
  2912 | D:3      | Noticed a white ugly thing
  2913 | D:3      | Demolished by a white ugly thing

Dungeon Overview and Level Annotations

Branches:
Dungeon (3/15)

Altars:
Nemelex Xobeh


Message History

Moving in this stuff is going to be slow.
You hear a shout!
The goblin closely misses you.
An orc comes into view. It is wielding a dagger.
The goblin closely misses your water elemental.
Your water elemental hits the goblin.
The goblin dies!
You hear a splash.
You see here a shield.
Your water elemental closely misses the orc.
The orc barely misses your water elemental.
Your water elemental closely misses the orc.
The orc barely misses your water elemental.
Your water elemental hits the orc!
The orc dies!
You hear a splash.
Your water elemental misses the hobgoblin.
The hobgoblin splashes around in the water.
Your water elemental hits the hobgoblin.
The hobgoblin dies!
Your water elemental disappears in a puff of smoke!
You open the door.
The orc priest calls down the wrath of Beogh upon you.
Something smites you!
There is an open door here.
Your cleaving frenzy subsides.
You close the door.
Drink which item? (? for menu, Esc to quit)
It was a potion of curing.
You feel better.
Evoke which item? (* to show all) (? for menu, Esc to quit)
You draw a card...
It is Repulsiveness.
Read which item? (? for menu, Esc to quit)
As you read the scroll labeled COES VESTAFF, it crumbles to dust.
You experience a momentary feeling of inescapable doom!
It was a scroll of random uselessness.
The white ugly thing tentacle-slaps you!
The white ugly thing freezes you!!
Ouch! That really hurt!
You die...
Your body disappears without a glow.

You could see a white ugly thing and a friendly green ugly thing.

Vanquished Creatures
  Robin (D:2)
  5 adders (D:2)
  2 worms
  A giant gecko (D:3)
  7 bats
  13 hobgoblins
  4 jackals (D:2)
  5 kobolds
  A quokka (D:2)
  3 giant newts
  14 goblins
  6 rats
62 creatures vanquished.

Vanquished Creatures (collateral kills)
  An orc (D:3)
  A hobgoblin (D:3)
  A goblin (D:3)
3 creatures vanquished.

Grand Total: 65 creatures vanquished

Action                   |  1- 3 |  4- 6 || total
-------------------------+-------+-------++-------
Melee: Dagger            |   116 |    76 ||   192
       Spear             |     7 |       ||     7
 Cast: Infusion          |     1 |     3 ||     4
       Song of Slaying   |     1 |     1 ||     2
Evoke: Deck              |       |     4 ||     4
  Use: Scroll            |       |     1 ||     1
       Potion            |       |     1 ||     1
 Stab: Sleeping          |       |     1 ||     1
  Eat: Chunk             |     1 |     6 ||     7

Vault maps used:
D:1:      evilmike_arrival_run_for_it, hangedman_decor_clover_reticule
D:2:      nemelex_altar_shiori, uniq_robin
